 Dungeon Crawl Stone Soup version 0.29-a0-887-gcbe080d7e0 (webtiles) character file.

Game seed: 16743203245915830096

30 greasedhog the Shooter (level 3, -1/21 HPs)
             Began as a Gargoyle Hunter on July 22, 2022.
             Slain by Natasha (4 damage)
             ... on level 2 of the Dungeon.
             The game lasted 00:01:48 (888 turns).

greasedhog the Shooter (Gargoyle Hunter)             Turns: 888, Time: 00:01:48

Health: -1/21      AC:  6    Str: 14    XL:     3   Next: 18%
Magic:  3/3        EV: 11    Int:  9    God:
Gold:   68         SH:  0    Dex: 15    Spells: 2/2 levels left

rFire   . . .      SeeInvis .   a - +0 shortbow
rCold   . . .      Faith    .   (shield currently unavailable)
rNeg    + . .      Spirit   .   c - +0 leather armour
rPois   ∞          Reflect  .   (no helmet)
rElec   +          Harm     .   (no cloak)
rCorr   .          Rampage  .   (no gloves)
Will    .....                   (no boots)
Stlth   ++........              (no amulet)
HPRegen 0.07/turn               (no ring)
MPRegen 0.08/turn               (no ring)

@: about to teleport, weak-willed, slowed, very slow
A: sickness immunity, AC +3, negative energy resistance 1, electricity
resistance, torment resistance 1, petrification resistance
a: no special abilities


You were on level 2 of the Dungeon.
You visited 1 branch of the dungeon, and saw 2 of its levels.

You collected 68 gold pieces.

Inventory:

Hand Weapons
 a - a +0 shortbow (weapon)
 i - a +0 whip
Armour
 c - a +0 leather armour (worn)
Scrolls
 b - a scroll of immolation
 f - a scroll of identify {unknown}
 g - a scroll of torment {unknown}
Potions
 h - a potion of haste {unknown}


   Skills:
 - Level 2.1 Fighting
 * Level 4.5 Ranged Weapons
 - Level 1.5 Dodging
 * Level 2.6 Stealth


You had 2 spell levels left.
You didn't know any spells.
Your spell library contained the following spells:

 Spells                   Type           Power      Damage    Failure   Level
 Magic Dart               Conj           0%         1d3       45%         1
 Searing Ray              Conj           0%         2d4       61%         2
 Fulminant Prism          Conj/Hex       0%         3d6       99%         4


Dungeon Overview and Level Annotations

Branches:
Dungeon (2/15)

Altars:

Annotations:
D:2 Natasha


Innate Abilities, Weirdness & Mutations

You are immune to sickness and miasma.
Your stone body is resilient. (AC +3)
You are immune to poison.
You resist negative energy. (rN+)
You are resistant to electric shocks. (rElec)
You are resistant to unholy torment.
You are immune to petrification.


Message History

Partly explored, can't reach some places.
Partly explored, can't reach some places.
There is a stone staircase leading down here.
You climb downwards.
There is a stone staircase leading up here.
Natasha is nearby!
You shoot an arrow. The arrow hits Natasha.
Natasha is moderately wounded.
You shoot an arrow. The arrow misses Natasha.
Natasha howls an incantation.
Natasha shimmers violently.
You shoot an arrow. The arrow closely misses Natasha.
Natasha stares at you and mumbles some strange words.
The magic dart hits you.
You shoot an arrow. The arrow hits Natasha.
Natasha is moderately wounded.
Natasha stares at you and mumbles some strange words.
You feel yourself slow down.
You shoot an arrow. The arrow hits Natasha.
Natasha is heavily wounded.
You shoot an arrow. The arrow barely misses Natasha.
Natasha barely misses you. Natasha claws you.
You shoot an arrow. The arrow hits Natasha.
Natasha is severely wounded.
Natasha claws you. Natasha barely misses you.
You are too injured to fight recklessly!
Fire: a) +0 shortbow
Press: ? - help, Q - select action Shift-Dir - straight line, f/p - Natasha
Aim: Natasha, carrying a wand of digging (5) (severely wounded, 55% to hit)
You shoot an arrow. The arrow barely misses Natasha.
Natasha claws you.
* * * LOW HITPOINT WARNING * * *
Natasha closely misses you.
As you read the scroll labelled SUPADGH ZIQI, it crumbles to dust.
Magic quickly surges around you.
It was a scroll of vulnerability.
Natasha completely misses you.
As you read the scroll labelled KALECS NURCHATOE, it crumbles to dust.
You feel strangely unstable.
It was a scroll of teleportation.
Natasha claws you.
You die...

##+#####+
#........
#........
#........
#........
#........
#@h......
+........
#........
#........
+........
#........
#........
#########


You could see Natasha (weak-willed).

Vanquished Creatures
  A dart slug (D:1)
  6 bats (D:1)
  An endoplasm (D:1)
  A goblin (D:1)
  2 hobgoblins (D:1)
  3 kobolds (D:1)
  A quokka (D:1)
  6 ball pythons (D:1)
  2 frilled lizards (D:1)
  4 rats (D:1)
27 creatures vanquished.

Notes
Turn   | Place    | Note
-------+----------+-------------------------------------------
     0 | D:1      | greasedhog the Gargoyle Hunter began the quest for the Orb.
     0 | D:1      | Reached XP level 1. HP: 12/12 MP: 1/1
   107 | D:1      | Reached XP level 2. HP: 17/17 MP: 2/2
   300 | D:1      | Found a faded altar of an unknown god.
   634 | D:1      | Reached XP level 3. HP: 21/21 MP: 3/3
   878 | D:2      | Noticed Natasha
   888 | D:2      | Slain by Natasha

Illustrated notes

Levels and vault maps discovered:
D:1:      minmay_arrival_split_and_join, layout_rooms,
          chequers_ecumenical_altar_simple_redux, serial_forest,
          infiniplex_forest_straight_1, infiniplex_forest_clump_tiny,
          infiniplex_forest_zigzag_1, infiniplex_forest_straight_3,
          infiniplex_forest_straight_1, infiniplex_forest_clump_diagonal,
          infiniplex_forest_diagonal, st_stairs_4
D:2:      layout_basic, uniq_natasha

Skill      XL: |  1  2 |
---------------+-------+-----
Stealth        | 2 |  2.6
Fighting       | |  2.1
Ranged Weapons | |  4.5
Dodging        | |  1.5

Action                   || total
-------------------------++-------
 Fire: Shortbow          ||    73
  Use: Scroll            ||     2
Armor: Leather armour    ||    13
Dodge: Dodged            ||    17

Table legend: (Time is in decaauts)
 A = Elapsed time spent in this place.
 B = Non-inter-level travel time spent in this place.
 C = Inter-level travel time spent in this place.
 D = Time resting spent in this place.
 E = Time spent auto-exploring this place.
 F = Levels seen in this place.
 G = Mean time per level.
                   A        B        C        D        E       F      G
               +--------+--------+--------+--------+--------+-----+--------+
         Total |    914 |    901 |     13 |      0 |    741 |   2 |  457.0 |
       Dungeon |    914 |    901 |     13 |      0 |    741 |   2 |  457.0 |
               +--------+--------+--------+--------+--------+-----+--------+

Top non-repeatable levels by time:
     D:1: 899 daAuts
     D:2: 15 daAuts
